 Dungeon Sprint DCSS version 0.27.1-34-g3ba077fa99 (webtiles) character file.

Game seed: 2875888156688417523

14 Arum the Shield-Bearer (level 2, -8/25 HPs)
             Began as a Formicid Fighter on Jan 15, 2022.
             Mangled by an ogre (15 damage)
             ... in the Dungeon (Sprint IX: "|||||||||||||||||||||||||||||").
             The game lasted 00:00:10 (124 turns).

Arum the Shield-Bearer (Formicid Fighter)            Turns: 124, Time: 00:00:11

Health: -8/25      AC:  7    Str: 20    XL:     2   Next: 55%
Magic:  2/2        EV:  8    Int:  7    God:
Gold:   0          SH:  9    Dex: 10    Spells: 1/1 levels left

rFire    . . .     SeeInvis +   a - +0 quarterstaff
rCold    . . .     Faith    .   c - +0 kite shield
rNeg     . . .     Spirit   .   b - +0 scale mail
rPois    .         Reflect  .   (helmet unavailable)
rElec    .         Harm     .   (no cloak)
rCorr    .         Rampage  .   (no gloves)
Will     .....                  (no boots)
Stlth    ..........             (no amulet)
HPRegen  0.08/turn              (no ring)
MPRegen  0.08/turn              (no ring)

@: mighty
A: permanent stasis, dig shafts and tunnels, antennae 3, four strong arms
a: Dig


You were in the Dungeon.
You visited 1 branch

Inventory:

Hand Weapons
 a - a +0 quarterstaff (weapon)
Armour
 b - a +0 scale mail (worn)
 c - a +0 kite shield (worn)
Potions
 e - a potion of curing
 f - a potion of heal wounds
 g - 2 potions of magic


   Skills:
 + Level 4.1 Fighting
 + Level 3.0 Staves
 + Level 4.2 Armour
 + Level 4.6 Shields


You had one spell level left.
You didn't know any spells.
Your spell library was empty.

Dungeon Overview and Level Annotations

Branches:
Dungeon (1/1)

Altars:


Innate Abilities, Weirdness & Mutations

You cannot be hasted, slowed, berserked, paralysed or teleported.
You can dig through walls and to a lower floor.
You have a pair of large antennae on your head. (SInv)
Your four strong arms can wield two-handed weapons with a shield.


Message History

You kill the ball python!
You have reached level 2!
HP restored.
There is an open door to the Dungeon here.
Things that are here:
a +0 dagger; a giant cockroach corpse You sense a monster nearby.
You sense a monster nearby.
You open the door.
An iguana, a gnoll, an ogre, a shadow imp and a dart slug come into view.
The ogre shouts!
The gnoll shouts!
You barely miss the shadow imp. You block the shadow imp's attack.
You closely miss the shadow imp. You block the shadow imp's attack.
You hit the shadow imp.
The shadow imp is heavily wounded.
The shadow imp hits you.
The shadow imp hits you but does no damage.
You closely miss the shadow imp.
The shadow imp is heavily wounded.
The shadow imp barely misses you.
You barely miss the shadow imp.
The shadow imp is heavily wounded.
The shadow imp hits you.
You feel very mighty all of a sudden.
The shadow imp shouts, "Quit, thou currish guts-griping maggot-pie!"
The shadow imp gestures at you. Pain shoots through your body!
You sock the shadow imp!
You kill the shadow imp!
The ogre hits you with a +0 giant club.
* * * LOW HITPOINT WARNING * * *
Your Fighting skill increases to level 4!
Your Staves skill increases to level 3!
Your Armour skill increases to level 4!
You are too injured to fight recklessly!
Unknown command.
You thump the ogre!
The ogre is heavily wounded.
The ogre hits you with a +0 giant club!
Ouch! That really hurt!
You die...

▓.▓
▓.▓
▓.▓
▓)▓
▓.▓
▓.▓
▓.▓
▓.▓
▓@▓
▓O▓
▓w▓
▓l▓
▓g▓
▓.▓
▓.▓
▓+▓


You could see an ogre, an iguana, a gnoll and a dart slug.

Vanquished Creatures
  A shadow imp (D)
  A bat (D)
  A giant cockroach (D)
  A goblin (D)
  A hobgoblin (D)
  A ball python (D)
6 creatures vanquished.

Notes
Turn   | Place    | Note
-------+----------+-------------------------------------------
     0 | D        | Arum the Formicid Fighter began the quest for the Orb.
     0 | D        | Reached XP level 1. HP: 18/18 MP: 1/1
    24 | D        | Reached XP level 2. HP: 18/25 MP: 2/2
   116 | D        | Noticed an ogre
   124 | D        | Mangled by an ogre

Illustrated notes

Levels and vault maps discovered:
D:        linesprint [early_d, line_temple, items_1, d_10, items_2, lair_1,
          lair_end, items_3, orc_1, orc_end, items_4, d_15, swamp_1, shoals_1,
          snake_1, spider_1, d_20, vaults_1, items_5, swamp_end, shoals_end,
          snake_end, spider_end, vaults_end, d_27, items_6, zot_1, zot_end,
          crypt_end, forest_end, elf_end, slime_end, tomb_end, abyss_end,
          pan_hell_end]

Skill      XL: |  1  2 |
---------------+-------+-----
Shields        | 4 |  4.6
Fighting       | 4 |  4.1
Staves         | 3 |  3.0
Armour         | 4 |  4.2

Action                   || total
-------------------------++-------
Melee: Quarterstaff      ||    27
  Use: Potion            ||     1
Armor: Scale mail        ||    10
Dodge: Dodged            ||     8
Block: Kite shield       ||    16
